General information
- name: BNet
- type: Ladder team game (AT/RT)
- host: Battle.net
- saver: Weaselman
map: Deadlands
- players: 8
- length: 15:10
- speed: Fast
- version: 1.26 W3XP
- replay type: Public
» download(91 KB)
Players
team 1 (loser)
okdok102 (
teal | 237 APM | 776 actions | 03:16)
1 Blademaster
1 Wind Walk
» actions
| Assign group hotkey | 12 | |
| Basic commands | 12 | |
| Build / train | 30 | |
| Enter build submenu | 5 | |
| Enter hero's abilities submenu | 1 | |
| Give item / drop item | 1 | |
| Right click | 188 | |
| Select / deselect | 94 | |
| Select group hotkey | 418 | |
| Use ability | 15 | |
776 total
» units
» buildings
| Altar of Storms | 1 | |
| Orc Burrow | 2 | |
| Barracks | 1 | |
| Voodoo Lounge | 1 | |
5 total
» build order
00:08 Altar of Storms
00:17 Orc Burrow
00:27 Barracks
01:28 Orc Burrow
01:49 Voodoo Lounge
» items
| Healing Salve | 2 | |
| Lesser Clarity Potion | 1 | |
3 total
atthesametime (
blue | 84 APM | 1258 actions | 15:01)
4 Archmage
2 Blizzard
2 Brilliance Aura
2 Blademaster
1 Critical Strike
1 Wind Walk
» actions
| Assign group hotkey | 35 | |
| Basic commands | 23 | |
| Build / train | 117 | |
| ESC pressed | 1 | |
| Enter build submenu | 46 | |
| Enter hero's abilities submenu | 6 | |
| Give item / drop item | 5 | |
| Right click | 510 | |
| Select / deselect | 238 | |
| Select group hotkey | 137 | |
| Use ability | 140 | |
1258 total
» units
| Peasant | 17 | |
| Peon | 16 | |
| Troll Batrider | 11 | |
| Goblin Shredder | 4 | |
| Wind Rider | 7 | |
| Raider | 1 | |
56 total
» upgrades
| Masonry | 1 | |
| Armor | 3 | |
| Lumber Harvesting | 1 | |
| Liquid Fire | 1 | |
| Reinforced Defenses | 1 | |
| Ensnare | 1 | |
8 total
» buildings
| Arcane Vault | 4 | |
| Altar of Kings | 1 | |
| Farm | 7 | |
| Lumber Mill | 1 | |
| Scout Tower | 18 | |
| Guard Tower | 21 | |
| Stronghold | 6 | |
| Orc Burrow | 5 | |
| Keep | 5 | |
| War Mill | 1 | |
| Town Hall | 1 | |
| Fortress | 3 | |
| Beastiary | 6 | |
| Watch Tower | 11 | |
| Great Hall | 1 | |
| Gryphon Aviary | 4 | |
| Blacksmith | 1 | |
| Castle | 4 | |
100 total
» build order
00:02 Arcane Vault
00:03 Arcane Vault
00:03 Arcane Vault
00:11 Altar of Kings
00:27 Farm
01:46 Lumber Mill
02:40 Scout Tower
02:40 Scout Tower
02:41 Scout Tower
02:42 Scout Tower
02:43 Scout Tower
03:20 Guard Tower
03:21 Guard Tower
03:21 Guard Tower
03:21 Guard Tower
03:29 Farm
03:34 Guard Tower
03:34 Guard Tower
03:34 Guard Tower
03:34 Guard Tower
03:35 Guard Tower
03:35 Guard Tower
03:35 Guard Tower
03:46 Farm
04:06 Stronghold
04:18 Guard Tower
04:39 Orc Burrow
04:41 Orc Burrow
04:43 Stronghold
04:44 Stronghold
04:44 Stronghold
04:44 Stronghold
04:49 Arcane Vault
05:05 Scout Tower
05:06 Scout Tower
05:07 Scout Tower
05:09 Scout Tower
05:10 Scout Tower
05:11 Scout Tower
05:12 Scout Tower
05:12 Scout Tower
05:32 Keep
05:32 Keep
05:32 Keep
05:34 Guard Tower
05:36 Guard Tower
05:36 Guard Tower
05:36 Guard Tower
05:45 War Mill
05:57 Guard Tower
06:20 Town Hall
06:30 Guard Tower
06:45 Fortress
06:45 Fortress
06:47 Beastiary
06:48 Beastiary
06:56 Beastiary
06:58 Orc Burrow
07:18 Guard Tower
07:36 Beastiary
07:37 Beastiary
07:38 Beastiary
07:45 Fortress
07:46 Orc Burrow
07:47 Orc Burrow
10:03 Watch Tower
10:03 Watch Tower
10:04 Watch Tower
10:05 Watch Tower
11:32 Great Hall
11:39 Watch Tower
11:40 Watch Tower
11:42 Watch Tower
11:42 Watch Tower
11:43 Watch Tower
11:44 Watch Tower
12:56 Watch Tower
13:41 Gryphon Aviary
13:41 Gryphon Aviary
13:41 Gryphon Aviary
13:43 Blacksmith
13:44 Castle
13:44 Castle
13:45 Castle
13:47 Gryphon Aviary
13:51 Farm
13:51 Farm
13:51 Farm
13:54 Scout Tower
13:55 Scout Tower
13:55 Scout Tower
13:56 Scout Tower
13:56 Scout Tower

»
I_KILL_ALLIES (
red | 31 APM | 99 actions | 03:13)
1 Tauren Chieftain
1 War Stomp
» actions
| Assign group hotkey | 2 | |
| Build / train | 10 | |
| Enter build submenu | 5 | |
| Enter hero's abilities submenu | 1 | |
| Right click | 29 | |
| Select / deselect | 44 | |
| Select group hotkey | 2 | |
| Use ability | 6 | |
99 total
» units
» buildings
| Altar of Storms | 1 | |
| Barracks | 1 | |
| Orc Burrow | 1 | |
| War Mill | 1 | |
| Voodoo Lounge | 1 | |
5 total
» build order
00:08 Altar of Storms
00:11 Barracks
00:41 Orc Burrow
01:49 War Mill
02:39 Voodoo Lounge
Owlwind (
pink | 16 APM | 244 actions | 15:09)
1 Paladin
1 Divine Shield
» actions
| Basic commands | 7 | |
| Build / train | 34 | |
| Enter build submenu | 21 | |
| Enter hero's abilities submenu | 1 | |
| Right click | 56 | |
| Select / deselect | 89 | |
| Use ability | 36 | |
244 total
» units
» upgrades
| Spiked Barricades | 1 | |
| Ranged Weapons | 1 | |
| Melee Weapons | 1 | |
3 total
» buildings
| Altar of Kings | 1 | |
| Farm | 3 | |
| Barracks | 1 | |
| Scout Tower | 9 | |
| Lumber Mill | 2 | |
| Blacksmith | 1 | |
| Orc Burrow | 4 | |
| Watch Tower | 5 | |
| Guard Tower | 4 | |
| War Mill | 1 | |
31 total
» build order
00:08 Altar of Kings
00:11 Farm
00:16 Barracks
00:18 Farm
04:00 Farm
04:06 Scout Tower
04:08 Scout Tower
04:59 Lumber Mill
05:23 Blacksmith
07:41 Scout Tower
07:44 Scout Tower
08:24 Orc Burrow
08:27 Orc Burrow
08:38 Orc Burrow
08:39 Orc Burrow
08:43 Watch Tower
08:47 Watch Tower
08:52 Guard Tower
08:58 Scout Tower
08:59 Scout Tower
09:01 Scout Tower
10:40 Guard Tower
11:19 Lumber Mill
11:32 War Mill
11:42 Watch Tower
12:19 Guard Tower
12:52 Watch Tower
13:00 Watch Tower
13:02 Guard Tower
14:33 Scout Tower
14:35 Scout Tower
team 2 (winner)
sc2no.wc4yes (
purple | 62 APM | 937 actions | 15:09)
3 Archmage
2 Blizzard
1 Brilliance Aura
1 Blood Mage
1 Flame Strike
» actions
| Assign group hotkey | 21 | |
| Basic commands | 5 | |
| Build / train | 95 | |
| ESC pressed | 5 | |
| Enter build submenu | 41 | |
| Enter hero's abilities submenu | 4 | |
| Give item / drop item | 7 | |
| Right click | 317 | |
| Select / deselect | 164 | |
| Select group hotkey | 120 | |
| Use ability | 158 | |
937 total
» units
| Peasant | 31 | |
| Goblin Shredder | 3 | |
34 total
» upgrades
| Masonry | 2 | |
| Lumber Harvesting | 1 | |
3 total
» buildings
| Altar of Kings | 1 | |
| Farm | 5 | |
| Lumber Mill | 1 | |
| Scout Tower | 104 | |
| Guard Tower | 33 | |
| Town Hall | 2 | |
| Keep | 1 | |
| Arcane Tower | 1 | |
| Castle | 1 | |
| Arcane Sanctum | 1 | |
150 total
» build order
00:17 Altar of Kings
00:23 Farm
00:55 Farm
01:25 Lumber Mill
01:54 Farm
02:22 Scout Tower
02:23 Scout Tower
02:24 Scout Tower
02:25 Scout Tower
02:26 Scout Tower
02:31 Scout Tower
02:32 Scout Tower
02:35 Scout Tower
02:52 Guard Tower
03:01 Guard Tower
03:15 Guard Tower
03:41 Guard Tower
03:53 Guard Tower
03:56 Scout Tower
04:07 Scout Tower
04:10 Scout Tower
04:12 Guard Tower
04:41 Guard Tower
05:31 Town Hall
06:12 Scout Tower
06:14 Scout Tower
06:16 Scout Tower
06:17 Scout Tower
06:18 Scout Tower
06:32 Farm
06:38 Farm
06:52 Guard Tower
06:55 Guard Tower
06:56 Guard Tower
06:56 Guard Tower
07:20 Guard Tower
07:20 Guard Tower
07:31 Scout Tower
07:31 Scout Tower
07:32 Scout Tower
07:33 Scout Tower
07:34 Scout Tower
07:35 Scout Tower
07:35 Scout Tower
07:50 Keep
08:18 Guard Tower
08:21 Scout Tower
08:22 Scout Tower
08:23 Scout Tower
08:24 Scout Tower
08:26 Scout Tower
08:55 Scout Tower
08:58 Guard Tower
09:02 Guard Tower
09:23 Guard Tower
09:27 Scout Tower
09:28 Scout Tower
09:29 Scout Tower
09:30 Scout Tower
09:34 Scout Tower
09:34 Scout Tower
09:35 Scout Tower
09:36 Scout Tower
09:42 Guard Tower
09:42 Guard Tower
09:43 Guard Tower
09:46 Arcane Tower
10:29 Scout Tower
10:30 Scout Tower
10:31 Scout Tower
10:31 Scout Tower
10:32 Scout Tower
10:32 Scout Tower
10:44 Scout Tower
10:45 Scout Tower
10:45 Scout Tower
10:48 Castle
10:50 Arcane Sanctum
11:05 Guard Tower
11:05 Guard Tower
11:08 Scout Tower
11:10 Scout Tower
11:10 Scout Tower
11:11 Scout Tower
11:16 Guard Tower
11:23 Scout Tower
11:23 Scout Tower
11:24 Scout Tower
11:25 Scout Tower
11:27 Scout Tower
11:27 Scout Tower
11:28 Scout Tower
11:29 Scout Tower
11:29 Scout Tower
11:45 Town Hall
12:37 Scout Tower
12:39 Scout Tower
12:39 Scout Tower
12:40 Scout Tower
12:40 Scout Tower
12:46 Guard Tower
12:51 Scout Tower
12:51 Scout Tower
12:51 Scout Tower
12:52 Scout Tower
13:44 Guard Tower
13:46 Scout Tower
13:46 Scout Tower
13:46 Scout Tower
13:47 Scout Tower
13:50 Guard Tower
14:19 Scout Tower
14:20 Scout Tower
14:20 Scout Tower
14:20 Scout Tower
14:21 Scout Tower
14:21 Scout Tower
14:22 Scout Tower
14:22 Scout Tower
14:22 Scout Tower
14:23 Scout Tower
14:23 Scout Tower
14:23 Scout Tower
14:50 Guard Tower
14:55 Guard Tower
14:57 Scout Tower
14:57 Scout Tower
14:57 Scout Tower
14:57 Scout Tower
14:58 Scout Tower
14:59 Scout Tower
14:59 Scout Tower
15:00 Scout Tower
15:00 Scout Tower
15:03 Guard Tower
15:06 Scout Tower
15:06 Scout Tower
15:06 Scout Tower
15:06 Scout Tower
15:07 Scout Tower
15:07 Scout Tower
15:07 Scout Tower
» items
| Healing Salve | 1 | |
| Lesser Clarity Potion | 3 | |
| Scroll of Speed | 1 | |
| Boots of Speed | 2 | |
| Staff of Teleportation | 2 | |
| Ivory Tower | 7 | |
16 total
1stSgt (
yellow | 41 APM | 626 actions | 15:09)
3 Blademaster
1 Wind Walk
2 Critical Strike
2 Shadow Hunter
1 Healing Wave
1 Hex
» actions
| Basic commands | 33 | |
| Build / train | 40 | |
| Enter build submenu | 15 | |
| Enter hero's abilities submenu | 5 | |
| Give item / drop item | 3 | |
| Remove unit from queue | 2 | |
| Right click | 269 | |
| Select / deselect | 227 | |
| Use ability | 32 | |
626 total
» units
| Peon | 10 | |
| Grunt | 5 | |
| Tauren | 2 | |
| Shaman | 1 | |
| Kodo Beast | 1 | |
19 total
» upgrades
| Melee Weapons | 2 | |
| Armor | 2 | |
| Shaman Training | 2 | |
| Ranged Weapons | 0 | |
| War Drums Damage Increase | 1 | |
| Witch Doctor Training | 2 | |
9 total
» buildings
| Altar of Storms | 1 | |
| Orc Burrow | 5 | |
| Barracks | 1 | |
| Voodoo Lounge | 1 | |
| War Mill | 1 | |
| Stronghold | 1 | |
| Spirit Lodge | 1 | |
| Fortress | 1 | |
| Beastiary | 1 | |
| Tauren Totem | 1 | |
14 total
» build order
00:23 Altar of Storms
00:26 Orc Burrow
00:48 Barracks
01:48 Orc Burrow
02:22 Voodoo Lounge
02:31 War Mill
03:24 Stronghold
04:06 Orc Burrow
06:02 Spirit Lodge
07:19 Fortress
07:28 Orc Burrow
09:13 Beastiary
09:52 Tauren Totem
13:56 Orc Burrow
» items

»
Weaselman (
green | 62 APM | 934 actions | 15:10)
3 Blood Mage
2 Flame Strike
1 Siphon Mana
» actions
| Assign group hotkey | 27 | |
| Basic commands | 16 | |
| Build / train | 57 | |
| Enter build submenu | 40 | |
| Enter hero's abilities submenu | 3 | |
| Give item / drop item | 2 | |
| Right click | 387 | |
| Select / deselect | 130 | |
| Select group hotkey | 192 | |
| Use ability | 80 | |
934 total
» units
» upgrades
| Masonry | 2 | |
| Swords | 2 | |
| Lumber Harvesting | 2 | |
| Armor | 2 | |
8 total
» buildings
| Altar of Kings | 1 | |
| Lumber Mill | 1 | |
| Farm | 4 | |
| Scout Tower | 27 | |
| Arcane Tower | 3 | |
| Guard Tower | 11 | |
| Arcane Vault | 1 | |
| Blacksmith | 1 | |
| Keep | 1 | |
| Town Hall | 1 | |
| Gryphon Aviary | 4 | |
| Castle | 1 | |
| Arcane Sanctum | 1 | |
57 total
» build order
00:27 Altar of Kings
00:36 Lumber Mill
00:54 Farm
01:55 Scout Tower
02:00 Farm
02:09 Scout Tower
02:17 Scout Tower
02:22 Arcane Tower
02:58 Scout Tower
02:59 Guard Tower
03:29 Scout Tower
03:40 Scout Tower
03:44 Farm
04:15 Guard Tower
04:16 Scout Tower
04:17 Scout Tower
04:30 Scout Tower
04:32 Arcane Tower
04:32 Arcane Tower
04:40 Farm
05:00 Scout Tower
05:03 Scout Tower
05:09 Guard Tower
05:11 Scout Tower
05:11 Scout Tower
05:30 Guard Tower
05:35 Arcane Vault
05:40 Blacksmith
06:00 Scout Tower
06:09 Scout Tower
06:17 Guard Tower
06:17 Guard Tower
06:41 Keep
06:51 Guard Tower
06:53 Scout Tower
07:05 Scout Tower
07:25 Guard Tower
07:54 Guard Tower
08:50 Town Hall
08:52 Scout Tower
09:00 Scout Tower
09:01 Scout Tower
09:06 Gryphon Aviary
09:09 Gryphon Aviary
10:00 Guard Tower
10:59 Guard Tower
11:23 Castle
13:09 Gryphon Aviary
13:10 Gryphon Aviary
13:54 Arcane Sanctum
14:30 Scout Tower
14:30 Scout Tower
14:31 Scout Tower
14:34 Scout Tower
14:34 Scout Tower
14:36 Scout Tower
14:43 Scout Tower
» items
| Scroll of Regeneration | 1 | |
| Lesser Clarity Potion | 2 | |
| Potion of Healing | 1 | |
| Potion of Mana | 2 | |
| Potion of Invisibility | 3 | |
| Boots of Speed | 1 | |
| Staff of Teleportation | 1 | |
| Potion of Lesser Invulnerability | 1 | |
| Orb of Fire | 1 | |
13 total
C-7 (
orange | 38 APM | 574 actions | 15:09)
7 Priestess of the Moon
3 Trueshot Aura
3 Searing Arrows
1 Starfall
» actions
| Basic commands | 10 | |
| Build / train | 47 | |
| Enter build submenu | 14 | |
| Enter hero's abilities submenu | 7 | |
| Right click | 305 | |
| Select / deselect | 165 | |
| Use ability | 26 | |
574 total
» units
| Wisp | 11 | |
| Archer | 21 | |
| Draenei Darkslayer | 1 | |
| Draenei Disciple | 1 | |
| Fel Beast | 1 | |
35 total
» upgrades
| Improved Bows | 1 | |
| Strength of the Moon | 1 | |
| Moon Armor | 1 | |
3 total
» buildings
| Moon Well | 6 | |
| Ancient of War | 3 | |
| Altar of Elders | 1 | |
| Tree of Ages | 1 | |
| Hunter's Hall | 1 | |
12 total
» build order
00:59 Moon Well
01:25 Ancient of War
01:29 Altar of Elders
02:22 Moon Well
02:47 Ancient of War
03:20 Moon Well
03:49 Ancient of War
05:27 Tree of Ages
05:59 Moon Well
07:03 Moon Well
08:29 Moon Well
10:55 Hunter's Hall
Chat log
(00:04 / All) I_KILL_ALLIES: Hi bruce
(00:05 / All) sc2no.wc4yes: teamkill red before he gets u
(00:10 / All) Weaselman: HEY BLUCE!!!!!!!!!!!!!!!
(00:14 / All) I_KILL_ALLIES: Brucewillisusa
(00:15 / All) sc2no.wc4yes: lol
(00:20 / All) Weaselman: WUSSUP BRUCE <3
(00:27 / All) sc2no.wc4yes: lets seal the ramps shut
(00:28 / All) sc2no.wc4yes: with towers
(00:36 / Allies) Weaselman: duh
(00:39 / All) I_KILL_ALLIES: WELL AT LEAST THEY'LL BE DAMAGABLE THIS TIME
(00:45 / All) Owlwind: sire
(00:50 / All) Weaselman: lol pies I love how bruce always denies being bruce
(00:56 / All) Owlwind: you just gave out our tactis
(01:00 / All) I_KILL_ALLIES: not this time apparently
(01:06 / All) I_KILL_ALLIES: i duno
(01:09 / All) I_KILL_ALLIES: he used to just leave
(01:10 / All) sc2no.wc4yes: i havent played this game in like a month
(01:12 / All) Weaselman: that too
(01:34 / All) Weaselman: HEY BRUCE HOWS THE MAPHACK?
(01:40 / All) sc2no.wc4yes: who hacks/
(01:42 / All) sc2no.wc4yes: u?
(01:44 / All) Weaselman: YOU LOLOLOL
(02:07 / All) Owlwind: go aheas
(02:12 / All) Owlwind: seal the ramps
(02:47 / All) Owlwind: who should seal em?
(03:05 / All) I_KILL_ALLIES: idc
(03:10 / All) I_KILL_ALLIES: Someone
(03:11 / All) I_KILL_ALLIES: Who is human
(03:12 / All) Owlwind: patrol em too
(03:33 / All) 1stSgt: ha
(03:37 / All) Weaselman: wait why did pies leave?
(03:48 / All) Owlwind: dunno
(04:54 / Allies) Weaselman: lol at that guy killing a total of one peasant and losing his hero for it
(06:11 / Allies) Weaselman: lol bruce
(06:13 / Allies) Weaselman: you drophacked pies?
(06:29 / Allies) sc2no.wc4yes: i dont think its possible to target one person for drophack
(06:55 / Allies) 1stSgt: what sup with the tower?
(07:00 / Allies) Weaselman: guess
(07:03 / Allies) sc2no.wc4yes: it guards our borders
(07:10 / Allies) 1stSgt: no need?
(08:43 / Allies) Weaselman: rofl didnt realise there was a fourth ramp
(08:44 / Allies) Weaselman: durp
(12:26 / Allies) Weaselman: lol they only blocked 2 ramps?
(13:58 / Allies) sc2no.wc4yes: LOL